 Dungeon Crawl Stone Soup version 0.20.0-15-g7f486f2 (webtiles) character file.

59 meatball the Skirmisher (level 3, 0/29 HPs)
             Began as a Demonspawn Abyssal Knight on July 1, 2017.
             Was a Follower of Lugonu.
             Succumbed to an adder's poison
             ... on level 3 of the Dungeon.
             The game lasted 00:08:02 (1502 turns).

meatball the Skirmisher (Demonspawn Abyssal Knight) Turns: 1502, Time: 00:08:03

Health: 0/29       AC:  4    Str: 18    XL:     3   Next: 78%
Magic:  5/5        EV: 13    Int: 13    God:    Lugonu [*.....]
Gold:   94         SH:  0    Dex: 12    Spells: 2/2 levels left

rFire    . . .     SeeInvis .   a - +1 falchion
rCold    . . .     Gourm    .   (no shield)
rNeg     . . .     Faith    .   b - +1 leather armour
rPois    .         Spirit   .   (no helmet)
rElec    .         Reflect  .   (no cloak)
rCorr    .         Harm     .   (no gloves)
MR       .....                  (no boots)
Stlth    +.........             (no amulet)
Regen    0.1/turn               (no ring)
MPRegen  0.1/turn               (no ring)

@: mighty, lethally poisoned (0 -> -4)
A: repulsion field 1
a: Depart the Abyss, Renounce Religion


You were on level 3 of the Dungeon.
You worshipped Lugonu.
Lugonu was aware of your devotion.
You were not hungry.

You visited 1 branch of the dungeon, and saw 3 of its levels.
You visited the Abyss 1 time.

You collected 94 gold pieces.

Inventory:

Hand Weapons
 a - a +1 falchion (weapon)
Armour
 b - a +1 leather armour (worn)
Scrolls
 e - a scroll of teleportation
 h - a scroll of fog
Comestibles
 c - a bread ration


   Skills:
 + Level 3.5 Fighting
 + Level 2.2 Long Blades
 + Level 2.6 Armour
 - Level 1.2 Dodging
 - Level 2.7 Invocations


You had 2 spell levels left.
You didn't know any spells.

Dungeon Overview and Level Annotations

Branches:
Dungeon (3/15)

Altars:
Ru


Innate Abilities, Weirdness & Mutations

You are surrounded by a mild repulsion field. (EV +2)


Message History

A bat, a rat and a worm come into view.
As you read the scroll labeled RUUW DOTOLELL, it crumbles to dust.
It is a scroll of amnesia.
You feel forgetful for a moment.
* * * LOW HITPOINT WARNING * * *
You feel sick. The bat hits you but does no damage.
As you read the scroll labeled AGGAIM DUVVALY, it crumbles to dust.
It is a scroll of enchant armour.
Your +0 leather armour glows green for a moment.
The bat completely misses you.
* * * LOW HITPOINT WARNING * * *
You feel sick. The bat misses you.
You riposte.
You closely miss the bat.
You slide downwards.
The hatch slams shut behind you.
You hear the sound of rushing water.
There is an entrance to a sewer on this level.
Hurry and find it before the portal rusts away!
Found a stone staircase leading down.
* * * LOW HITPOINT WARNING * * *
You feel sick.
Found a runed mace.
You die...

#### # ..≈ ≈
#.##.#..≈ ..
.#.#... ._. ...#.
≈... #...#..≈
#....# #.@#
##..####..
###.####....>.....
..........###.....
#######...# ....
#...# .). #...# ..
#...# # #...#


There were no monsters in sight!

Vanquished Creatures
  An adder (D:2)
  An ooze (D:1)
  A worm (D:2)
  2 dart slugs (D:1)
  3 leopard geckos
  5 bats
  A goblin (D:1)
  4 hobgoblins (D:1)
  6 jackals (D:1)
  7 kobolds
  5 frilled lizards
  A rat (D:1)
37 creatures vanquished.

Notes
Turn   | Place    | Note
-------+----------+-------------------------------------------
     0 | Abyss:1  | meatball the Demonspawn Abyssal Knight began the quest for the Orb.
     0 | Abyss:1  | Reached XP level 1. HP: 18/18 MP: 2/2
    34 | Abyss:2  | Noticed a neqoxec
    34 | Abyss:2  | Noticed a wretched star
    34 | Abyss:2  | Noticed an earth elemental
    34 | D:1      | Escaped the Abyss
   123 | D:1      | Gained mutation: You are surrounded by a mild repulsion field. (EV +2) [demonic ancestry]
   123 | D:1      | Reached XP level 2. HP: 20/24 MP: 3/3
   129 | D:1      | Reached * piety under Lugonu
   338 | D:1      | Reached skill level 1 in Dodging
   773 | D:1      | Reached XP level 3. HP: 29/29 MP: 5/5
  1499 | D:3      | HP: 1/29 [poisoned by an adder]
  1502 | D:3      | Found a sacrificial altar of Ru.
  1502 | D:3      | Succumbed to an adder's poison

Skill      XL: |  1  2 |
---------------+-------+-----
Armour         | 2 |  2.6
Dodging        | 1 |  1.2
Long Blades    | 2 |  2.2
Fighting       | |  3.5
Invocations    | |  2.7

Action                   || total
-------------------------++-------
Melee: Falchion          ||   102
Invok: Depart the Abyss  ||     1
  Use: Scroll            ||     5
       Potion            ||     3
  Eat: Chunk             ||     2
Armor: Leather armour    ||    40
Dodge: Dodged            ||    92
       Rpst.: Falchion   ||    28
